AoeStats
← Gregol

Oasis

509759865Analyzed
4v4 RM · 4d ago on Sep 27, 2026· 32m 25s· 8 players
Game mode
Random Map
Map size
Large (8 player)
Population
200
Speed
Normal
Resources
Standard
Victory
Conquest
Starting age
Dark Age
Ending age
Imperial Age
RankedLock teamsTeams togetherTeam positionsShared explorationLock speedFull tech treeHidden civsTurbo modeCheats
Victory
Defeat
🇦🇷 Britons · Argentina
1037
+7
🇦🇷 Mongols · Argentina
947
+10
🇦🇷 Franks · Argentina
747
+18
🇦🇷 Spanish · Argentina
606
+23
🇺🇸 Franks · United States
843
-16
🇺🇸 Saxons · United States
830
-16
🇪🇬 Celts · Egypt
801
-14
🇲🇽 Franks · Mexico
741
-12
Sadie Enward
11:45 Feudal Age
12:04 Man-at-Arms
14:27 Loom
14:59 Double-Bit Axe
15:31 Horse Collar
23:35 Castle Age
22:27 Fletching
24:01 Forging
23:51 Scale Mail Armor
23:53 Padded Archer Armor
24:06 Forging
23:56 Scale Mail Armor
26:03 Pikeman
ganzo
3:57 Loom
12:19 Feudal Age
13:34 Wheelbarrow
12:46 Double-Bit Axe
18:22 Gold Mining
18:26 Stone Mining
21:02 Castle Age
22:29 Bow Saw
23:55 Forging
26:43 Gold Shaft Mining
28:03 Iron Casting
30:16 Scale Barding Armor
Weza
0:31 Loom
12:54 Feudal Age
16:34 Horse Collar
21:45 Stone Mining
Anti-Social Reclusive Hermit
9:47 Loom
11:33 Feudal Age
16:29 Wheelbarrow
19:52 Castle Age
17:38 Double-Bit Axe
17:46 Gold Mining
18:03 Scale Barding Armor
17:54 Fletching
22:09 Bow Saw
22:24 Chain Barding Armor
27:41 Husbandry
31:22 Forging
ElJefe
4:18 Loom
12:02 Feudal Age
21:19 Castle Age
19:35 Stone Mining
20:09 Horse Collar
20:17 Double-Bit Axe
20:34 Gold Mining
24:50 Bow Saw
24:50 Heavy Plow
25:28 Stone Shaft Mining
26:38 Fletching
26:50 Padded Archer Armor
33:24 Imperial Age
31:31 Wheelbarrow
31:46 Gold Shaft Mining
31:31 Bodkin Arrow
32:04 Leather Archer Armor
33:01 Hand Cart
pizzeroloco
10:34 Feudal Age
12:14 Wheelbarrow
13:53 Loom
15:51 Double-Bit Axe
22:33 Castle Age
22:05 Stone Mining
22:55 Gold Mining
24:21 Hand Cart
25:01 Gold Shaft Mining
25:00 Husbandry
31:15 Bow Saw
Gregol
11:34 Feudal Age
19:19 Castle Age
17:22 Horse Collar
17:29 Double-Bit Axe
17:37 Gold Mining
19:26 Wheelbarrow
18:38 Loom
21:00 Heavy Plow
21:12 Bow Saw
20:58 Stone Mining
23:47 Hand Cart
29:08 Bloodlines
29:15 Scale Barding Armor
30:06 Forging
is+
8:02 Loom
10:06 Feudal Age
10:44 Double-Bit Axe
10:40 Horse Collar
17:45 Castle Age
19:31 Crossbowman
21:39 Fletching
21:44 Town Watch
22:34 Wheelbarrow
23:05 Elite Skirmisher
23:46 Bodkin Arrow
24:15 Bow Saw
25:04 Gold Mining
33:31 Imperial Age
31:03 Pikeman
31:43 Squires
31:29 Gambesons
31:45 Scale Mail Armor
Connection lost

Rejoining the realm…

Still unreachable

The connection could not be restored.

Session expired

The server has moved on; the page needs a fresh start.